 Dungeon Crawl Stone Soup version 0.31-a0-702-gf82c85558f (webtiles) character file.

Game seed: 2807093290669248249

44400 qw the Marksgargoyle (level 14, -8/92 HPs)
             Began as a Gargoyle Hunter on Sept 7, 2023.
             Was an Elder of Okawaru.
             Mangled by an ice devil (22 damage)
             ... on level 5 of the Lair of Beasts.
             The game lasted 00:06:06 (12741 turns).

qw the Marksgargoyle (Gargoyle Hunter)             Turns: 12741, Time: 00:06:06

Health: -8/92      AC: 23    Str: 16    XL:     14   Next: 28%
Magic:  7/7        EV: 18    Int: 10    God:    Okawaru [****..]
Gold:   893        SH:  0    Dex: 17    Spells: 13/13 levels left

rFire   + . .        b - +3 hand cannon (antimagic)
rCold   . . .        (no shield)
rNeg    + . .        m - +0 steam dragon scales
rPois   inf          g - +0 helmet
rElec   +            p - +0 cloak
rCorr   .            (no gloves)
SInv    +            i - +1 pair of boots
Will    +....        (no amulet)
Stlth   +++          o - ring of protection from fire
HPRegen 0.35/turn    n - ring of see invisible
MPRegen 0.10/turn

%: no passive effects
@: about to teleport, heroic, flying
A: sickness immunity, AC +10, big wings, negative energy resistance 1,
electricity resistance, torment resistance 1, petrification resistance
a: Renounce Religion, Heroism, Finesse


You were on level 5 of the Lair of Beasts.
You worshipped Okawaru.
Okawaru was greatly pleased with you.
You visited 3 branches of the dungeon, and saw 15 of its levels.

You collected 1031 gold pieces.
You spent 138 gold pieces at shops.


Innate Abilities, Weirdness & Mutations

You are immune to sickness and miasma.
Your stone body is resilient. (AC +10)
You are immune to poison.
Your large and strong wings let you fly.
You resist negative energy. (rN+)
You are resistant to electric shocks. (rElec)
You are resistant to unholy torment.
You are immune to petrification.


   Skills:
 - Level 12.0(17.0) Fighting
 + Level 18.0(23.0) Ranged Weapons
 - Level 7.1(12.1) Armour
 - Level 6.0(11.0) Dodging
 - Level 1.1(6.1) Stealth
 - Level 10.0 Invocations


You had 13 spell levels left.
You didn't know any spells.
Your spell library was empty.

Inventory:

Hand Weapons
 b - a +3 antimagic hand cannon (weapon)
Armour
 g - a +0 helmet (worn)
 i - a +1 pair of boots (worn)
 m - +0 steam dragon scales (worn)
 p - a +0 cloak (worn)
Jewellery
 j - a ring of resist corrosion
 n - a ring of see invisible (right hand)
 o - a ring of protection from fire (left hand)
 s - a ring of resist corrosion
Scrolls
 a - 10 scrolls of identify
 h - 6 scrolls of teleportation
Potions
 c - a potion of resistance
 d - a potion of enlightenment
 e - 3 potions of curing
 f - a potion of magic
 k - a potion of heal wounds
 l - a potion of mutation
 q - 2 potions of haste
 r - a potion of might

Dungeon Overview and Level Annotations

Branches:
Dungeon (9/15)             Temple (1/1) D:4            Lair (5/5) D:9
 Shoals (0/4) Lair:2       Spider (0/4) Lair:3        Slime (0/5) Lair:4
    Orc: D:9-12

Altars:
Ashenzari
Cheibriados
Dithmenos
Elyvilon
Fedhas
Gozag
Hepliaklqana
Kikubaaqudgha
Makhleb
Nemelex Xobeh
Okawaru
Qazlal
Ru
Sif Muna
Trog
Uskayaw
Vehumet
Wu Jian
Xom
Yredelemnul
Zin
The Shining One
Jiyva

Shops:
D:2 (   D:3 [

Annotations:
D:5 3 runed translucent doors, qw's ghost, novice GrHu
D:6 3 runed translucent doors, qw's ghost, novice GrHu
D:8 1 runed translucent door, qw's ghost, novice GrFi
Lair:3 exclusions: killer bee and meliai
Lair:4 3 runed translucent doors, qw's ghost, journeyman GrHs


Message History

The orange demon is lightly wounded.
The orange demon misses you.
You shoot a bolt.
The bolt barely misses the orange demon.
The orange demon barely misses you.
You shoot a bolt.
The bolt hits the orange demon but does no damage.
The orange demon is lightly wounded.
The orange demon completely misses you.
You shoot a bolt. The bolt hits the orange demon!!
The orange demon is severely wounded.
The orange demon completely misses you.
You shoot a bolt. The bolt hits the orange demon!
The orange demon is almost dead.
You hear a bark!
The orange demon barely misses you.
You shoot a bolt. The bolt hits the orange demon.
You kill the orange demon!
Okawaru accepts your kill.
Your base Armour skill increases to level 7!
You shoot a bolt.
The bolt hits the ice devil but does no damage.
12738 |||
Found retreat position at -1,-1 (ice devil; floor) with 0 blocking monsters and 2 monsters attacking at destination at distance 1 You shoot a bolt.
The bolt hits the ice devil!!
The ice devil is severely wounded.
The ice devil hits you but does no damage.
The orange demon stings you from afar.
12739 |||
Found retreat position at -1,-1 (ice devil; floor) with 0 blocking monsters and 2 monsters attacking at destination at distance 1 You shoot a bolt.
The bolt barely misses the ice devil.
The ice devil closely misses you. The orange demon barely misses you.
12740 |||
Found retreat position at -1,-1 (ice devil; floor) with 0 blocking monsters and 2 monsters attacking at destination at distance 1 You shoot a bolt.
The bolt barely misses the ice devil.
The ice devil hits you. The ice devil freezes you!
The orange demon completely misses you.
12741 |||
Found retreat position at -1,-1 (ice devil; floor) with 0 blocking monsters and 2 monsters attacking at destination at distance 1
12741 ||| READING 7 scrolls of teleportation.
As you read the scroll of teleportation, it crumbles to dust.
You feel strangely unstable. The ice devil hits you.
The ice devil freezes you!!
You die...

77.77 .7 77...7 .77
777....7 77..77
7%.7...777 77....7
.77777...77 777...7
77 77...7777
7777..7.77
777....777¤.%777..77
777..h44¤.77 77..77
#### 777.77@77
77..77
...#########477777
77..77
...#......4h#7
7..7%.7
...'...8.8.h#
7..77..77
####..8.#...# 7.7
77..77 .. #)..8.#..#
7.. 77..777
...#.¤#.8...# 7..
777..7 ...'...#.8..#
7. 777.
...#..8.8...#


77 77 You could see an orange demon, an ice devil and a hell hound.

Vanquished Creatures
  A dire elephant (Lair:5)
  4 hydras
  A catoblepas (Lair:4)
  4 two-headed ogres
  6 death yaks (Lair:3)
  Urug (Lair:2)
  A sixfirhy (Lair:5)
  A wizard (Lair:5)
  A lindwurm (Lair:4)
  3 oklob plants (Lair:2)
  3 black mambas (Lair:3)
  6 elephants
  A torpor snail (Lair:3)
  An orange demon (Lair:5)
  Maggie (Lair:2)
  13 cane toads
  3 rime drakes (Lair:5)
  5 komodo dragons
  2 ice devils (Lair:5)
  2 burning bushes (Lair:4)
  A meliai (Lair:3)
  A troll (D:9)
  3 polar bears
  19 blink frogs
  A hornet (D:7)
  A slime creature (D:6)
  4 wyverns
  54 yaks
  2 steam dragons
  Menkaure (D:4)
  Edmund (D:4)
  15 water moccasins
  5 black bears
  3 ice beasts
  4 orc warriors
  2 sky beasts
  3 ogres
  12 wolves
  2 centaurs
  A phantom (D:7)
  A kobold brigand (D:9)
  15 bullfrogs
  Blork the orc (D:4)
  A gnoll sergeant (D:7)
  2 scorpions (D:5)
  9 wights
  5 killer bees (Lair:3)
  2 electric eels (Lair:1)
  2 howler monkeys
  2 hounds
  12 jellies
  A gnoll bouda (D:7)
  8 orc priests
  2 iguanas
  A sleepcap (D:6)
  5 orc wizards
  7 gnolls (D:7)
  5 adders
  2 shadow imps (D:5)
  An ufetubus (D:6)
  3 worms (D:2)
  3 dart slugs
  28 orcs
  22 endoplasms
  4 giant cockroaches
  6 goblins
  6 hobgoblins
  2 jackals (D:5)
  3 quokkas
  4 ball pythons
  4 bats
  A frilled lizard (D:3)
  13 kobolds
  3 rats
381 creatures vanquished.

Notes
Turn   | Place    | Note
-------+----------+-------------------------------------------
     0 | D:1      | qw the Gargoyle Hunter began the quest for the Orb.
     0 | D:1      | Reached XP level 1. HP: 12/12 MP: 1/1
     0 | D:1      | 0 ||| qw: Version: 0.3-a-76-g4403597
     0 | D:1      | 0 ||| qw: Game counter: 908
     0 | D:1      | 0 ||| qw: Melee chars always use a shield: true
     0 | D:1      | 0 ||| qw: God list: Okawaru
     0 | D:1      | 0 ||| qw: Allow faded altars: false
     0 | D:1      | 0 ||| qw: Do Orc after clearing Dungeon:15 true
     0 | D:1      | 0 ||| qw: Do second Lair branch before Depths: true
     0 | D:1      | 0 ||| qw: Lair rune preference: random
     0 | D:1      | 0 ||| qw: Goals: Normal
     0 | D:1      | 0 ||| PLANNING D:1-11
   124 | D:1      | Reached XP level 2. HP: 17/17 MP: 2/2
   509 | D:1      | 509 ||| READING 2 scrolls labelled GAWNEA WEOTZ.
   510 | D:1      | 510 ||| READING 2 scrolls labelled JEID TA HUFAAGH.
   511 | D:1      | 511 ||| READING scroll labelled NYEJICR SEJUAMOHEO.
   512 | D:1      | 512 ||| DROPPING scroll of butterflies.
   513 | D:1      | 513 ||| DROPPING scroll of revelation.
   551 | D:2      | Reached skill level 5 in Ranged Weapons
   551 | D:2      | Reached XP level 3. HP: 18/21 MP: 3/3
   641 | D:2      | 641 ||| Stepping ~*~*~tactically~*~*~ (outnumbered).
   643 | D:2      | 643 ||| Stepping ~*~*~tactically~*~*~ (outnumbered).
   645 | D:2      | 645 ||| Stepping ~*~*~tactically~*~*~ (outnumbered).
   647 | D:2      | 647 ||| Stepping ~*~*~tactically~*~*~ (outnumbered).
   692 | D:2      | Reached skill level 3 in Fighting
   811 | D:2      | Found a faded altar of an unknown god.
   922 | D:2      | Reached XP level 4. HP: 28/28 MP: 4/4
   923 | D:2      | 923 ||| READING scroll of enchant weapon.
   923 | D:2      | 923 ||| ENCHANTING +1 shortbow.
  1016 | D:2      | Found Zoysch's Weapon Shoppe.
  1168 | D:2      | 1168 ||| SWAPPING to +0 orcbow.
  1172 | D:2      | 1172 ||| DROPPING +2 shortbow.
  1329 | D:2      | 1329 ||| UPGRADING to +0 ring mail.
  1339 | D:2      | 1339 ||| DROPPING +0 leather armour.
  1340 | D:2      | 1340 ||| UPGRADING to +0 helmet.
  1345 | D:2      | 1345 ||| READING scroll labelled WIARORUYRA.
  1346 | D:2      | 1346 ||| READING scroll labelled MYOFAS ARIAMY.
  1347 | D:2      | 1347 ||| READING scroll labelled IHEMNY JORIWOT.
  1347 | D:2      | Identified a scroll of acquirement
  1347 | D:2      | 1347 ||| ACQUIRING +3 arbalest of electrocution
  1347 | D:2      | Acquired a +3 arbalest of electrocution
  1349 | D:2      | 1349 ||| SWAPPING to +3 arbalest of electrocution.
  1350 | D:2      | 1350 ||| DROPPING +0 orcbow.
  1929 | D:3      | Reached skill level 1 in Armour
  1987 | D:3      | Found Biesch's Armour Boutique.
  1997 | D:3      | 1997 ||| BUYING +1 pair of boots (138 gold).
  1997 | D:3      | Bought a +1 pair of boots for 138 gold pieces
  1997 | D:3      | 1997 ||| SHOPLISTING +3 ring mail of cold resistance (312
                  | gold, have 27).
  1997 | D:3      | 1997 ||| UPGRADING to +1 pair of boots.
  2002 | D:3      | 2002 ||| READING scroll labelled DAUWISHOGG.
  2171 | D:4      | Noticed Edmund
  2179 | D:4      | HP: 5/28 [Edmund/+8 dire flail of venom (10)]
  2180 | D:4      | Killed Edmund
  2181 | D:4      | Reached skill level 6 in Ranged Weapons
  2181 | D:4      | Reached XP level 5. HP: 7/32 MP: 5/5
  2312 | D:4      | Reached XP level 6. HP: 37/37 MP: 6/6
  2394 | D:4      | Noticed Menkaure
  2399 | D:4      | Killed Menkaure
  2517 | D:4      | Found a staircase to the Ecumenical Temple.
  2518 | D:4      | 2518 ||| PLANNING TEMPLE
  2518 | D:4      | 2518 ||| UPGRADING to ring of resist corrosion.
  2519 | D:4      | 2519 ||| DRINKING 2 dark potions.
  2520 | D:4      | 2520 ||| READING 2 scrolls of identify.
  2520 | D:4      | 2520 ||| IDENTIFYING sedimented brown potion
  2521 | D:4      | 2521 ||| DROPPING potion of degeneration.
  2531 | Temple   | Entered the Ecumenical Temple
  2532 | Temple   | 2532 ||| PLANNING OKAWARU WORSHIP
  2549 | Temple   | Became a worshipper of Warmaster Okawaru
  2550 | Temple   | 2550 ||| PLANNING D:1-11
  2601 | D:4      | Noticed Blork the orc
  2606 | D:4      | Killed Blork the orc
  2607 | D:4      | Reached skill level 7 in Ranged Weapons
  2881 | D:4      | 2881 ||| READING 2 scrolls of identify.
  2881 | D:4      | 2881 ||| IDENTIFYING sedimented orange potion
  2925 | D:5      | Entered Level 5 of the Dungeon
  2936 | D:5      | Reached XP level 7. HP: 44/44 MP: 7/7
  3118 | D:5      | Found a runed translucent gate.
  3118 | D:5      | Found a runed translucent gate.
  3119 | D:5      | Found a runed translucent gate.
  3121 | D:5      | Noticed qw's ghost (novice GrHu)
  3143 | D:5      | Reached * piety under Okawaru
  3155 | D:5      | Identified the +1 leather armour "Dekhleuwo" {rElec}
  3164 | D:5      | 3164 ||| INVOKING Heroism.
  3168 | D:5      | 3168 ||| Stepping ~*~*~tactically~*~*~ (retreating).
  3172 | D:5      | Reached skill level 8 in Ranged Weapons
  3172 | D:5      | 3172 ||| INVOKING Heroism.
  3279 | D:5      | Reached XP level 8. HP: 49/49 MP: 8/8
  3347 | D:5      | Reached skill level 1 in Invocations
  3364 | D:5      | 3364 ||| INVOKING Heroism.
  3365 | D:5      | 3365 ||| INVOKING Heroism.
  3689 | D:5      | 3689 ||| UPGRADING to +1 leather armour "Dekhleuwo"
                  | {rElec}.
  3699 | D:5      | 3699 ||| DROPPING +0 ring mail.
  3700 | D:5      | 3700 ||| READING 2 scrolls labelled QONIP HAIF.
  3755 | D:5      | 3755 ||| READING scroll labelled CUHIODULOSCH.
  3756 | D:5      | 3756 ||| DRINKING 2 murky inky potions.
  3780 | D:6      | 3780 ||| INVOKING Heroism.
  3823 | D:6      | 3823 ||| INVOKING Heroism.
  3827 | D:6      | 3827 ||| Stepping ~*~*~tactically~*~*~ (retreating).
  3828 | D:6      | 3828 ||| Stepping ~*~*~tactically~*~*~ (retreating).
  3829 | D:6      | 3829 ||| Stepping ~*~*~tactically~*~*~ (retreating).
  3843 | D:6      | 3843 ||| FLEEEEING.
  3846 | D:6      | 3846 ||| FLEEEEING.
  3847 | D:6      | 3847 ||| FLEEEEING.
  3848 | D:6      | 3848 ||| FLEEEEING.
  3849 | D:6      | 3849 ||| FLEEEEING.
  3850 | D:6      | 3850 ||| FLEEEEING.
  3852 | D:6      | 3852 ||| FLEEEEING.
  3853 | D:6      | 3853 ||| FLEEEEING.
  3854 | D:6      | 3854 ||| FLEEEEING.
  3857 | D:6      | 3857 ||| STAIRDANCE
  3969 | D:6      | Reached skill level 9 in Ranged Weapons
  3969 | D:6      | 3969 ||| STAIRDANCE
  4071 | D:6      | Noticed a slime creature
  4072 | D:6      | 4072 ||| INVOKING Heroism.
  4083 | D:6      | Killed a slime creature
  4084 | D:6      | Reached skill level 3 in Invocations
  4086 | D:6      | 4086 ||| INVOKING Heroism.
  4088 | D:6      | Reached skill level 6 in Fighting
  4090 | D:6      | Reached XP level 9. HP: 55/55 MP: 7/12
  4138 | D:6      | 4138 ||| INVOKING Heroism.
  4228 | D:6      | Reached skill level 10 in Ranged Weapons
  4241 | D:6      | Found a runed translucent gate.
  4241 | D:6      | Found a runed translucent gate.
  4241 | D:6      | Found a runed translucent gate.
  4257 | D:6      | Noticed qw's ghost (novice GrHu)
  4342 | D:6      | 4342 ||| INVOKING Heroism.
  4359 | D:6      | 4359 ||| INVOKING Heroism.
  4365 | D:6      | Reached skill level 3 in Dodging
  4543 | D:7      | 4543 ||| INVOKING Heroism.
  4672 | D:7      | 4672 ||| INVOKING Heroism.
  4675 | D:7      | 4675 ||| Stepping ~*~*~tactically~*~*~ (retreating).
  4676 | D:7      | 4676 ||| Stepping ~*~*~tactically~*~*~ (retreating).
  4690 | D:7      | 4690 ||| FLEEEEING.
  4691 | D:7      | 4691 ||| FLEEEEING.
  4692 | D:7      | 4692 ||| FLEEEEING.
  4693 | D:7      | 4693 ||| FLEEEEING.
  4694 | D:7      | 4694 ||| FLEEEEING.
  4695 | D:7      | 4695 ||| FLEEEEING.
  4696 | D:7      | 4696 ||| FLEEEEING.
  4697 | D:7      | 4697 ||| FLEEEEING.
  4698 | D:7      | 4698 ||| FLEEEEING.
  4708 | D:7      | 4708 ||| STAIRDANCE
  4771 | D:6      | 4771 ||| READING 2 scrolls of identify.
  4771 | D:6      | 4771 ||| IDENTIFYING lumpy inky potion
  4805 | D:7      | Noticed a hornet
  4807 | D:7      | Killed a hornet
  4836 | D:7      | Reached ** piety under Okawaru
  4860 | D:7      | Reached skill level 11 in Ranged Weapons
  5046 | D:7      | Reached XP level 10. HP: 58/64 MP: 13/13
  5088 | D:7      | 5088 ||| INVOKING Heroism.
  5238 | D:7      | 5238 ||| READING scroll labelled CACROA DOIHY.
  5239 | D:7      | 5239 ||| READING 8 scrolls of identify.
  5239 | D:7      | 5239 ||| IDENTIFYING bubbling purple potion
  5240 | D:7      | 5240 ||| READING 7 scrolls of identify.
  5240 | D:7      | 5240 ||| IDENTIFYING fizzy purple potion
  5245 | D:8      | Noticed a two-headed ogre
  5246 | D:8      | 5246 ||| INVOKING Heroism.
  5253 | D:8      | Killed a two-headed ogre
  5254 | D:8      | Reached skill level 12 in Ranged Weapons
  5294 | D:8      | Found a broken altar of Ashenzari.
  5366 | D:8      | 5366 ||| RETREATING.
  5372 | D:8      | Reached *** piety under Okawaru
  5385 | D:8      | 5385 ||| FLEEEEING.
  5399 | D:8      | 5399 ||| FLEEEEING.
  5570 | D:8      | Found a runed translucent door.
  5571 | D:8      | Noticed qw's ghost (novice GrFi)
  5663 | D:8      | 5663 ||| INVOKING Heroism.
  5666 | D:8      | 5666 ||| Stepping ~*~*~tactically~*~*~ (cloud).
  5818 | D:8      | 5818 ||| UPGRADING to +0 cloak.
  5823 | D:8      | 5823 ||| UPGRADING to ring of see invisible.
  5824 | D:8      | 5824 ||| UPGRADING to ring of protection from fire.
  5826 | D:8      | 5826 ||| READING 6 scrolls of identify.
  5826 | D:8      | 5826 ||| IDENTIFYING pink potion
  5827 | D:8      | 5827 ||| DROPPING potion of berserk rage.
  5934 | D:9      | 5934 ||| INVOKING Heroism.
  5939 | D:9      | Reached skill level 3 in Armour
  6004 | D:9      | 6004 ||| INVOKING Heroism.
  6052 | D:9      | 6052 ||| RETREATING.
  6057 | D:9      | Reached skill level 13 in Ranged Weapons
  6063 | D:9      | 6063 ||| INVOKING Heroism.
  6074 | D:9      | Noticed a two-headed ogre
  6080 | D:9      | Killed a two-headed ogre
  6080 | D:9      | Reached **** piety under Okawaru
  6081 | D:9      | Reached skill level 9 in Fighting
  6081 | D:9      | Reached XP level 11. HP: 50/72 MP: 14/14
  6101 | D:9      | 6101 ||| FLEEEEING.
  6107 | D:9      | 6107 ||| FLEEEEING.
  6219 | D:9      | Noticed a two-headed ogre
  6220 | D:9      | 6220 ||| INVOKING Heroism.
  6224 | D:9      | Killed a two-headed ogre
  6224 | D:9      | Received a gift from Okawaru
  6259 | D:9      | Found a staircase to the Lair.
  6260 | D:9      | 6260 ||| RETREATING.
  6266 | D:9      | 6266 ||| RETREATING.
  6311 | D:9      | 6311 ||| Stepping ~*~*~tactically~*~*~ (retreating).
  6610 | D:9      | Noticed a two-headed ogre
  6611 | D:9      | 6611 ||| INVOKING Heroism.
  6616 | D:9      | Killed a two-headed ogre
  6742 | D:9      | 6742 ||| PLANNING LAIR
  6742 | D:9      | 6742 ||| UPGRADING to +0 steam dragon scales.
  6752 | D:9      | 6752 ||| DROPPING +1 leather armour "Dekhleuwo" {rElec}.
  6753 | D:9      | 6753 ||| READING 6 scrolls of identify.
  6753 | D:9      | 6753 ||| IDENTIFYING coppery potion
  6784 | Lair:1   | Entered Level 1 of the Lair of Beasts
  6795 | Lair:1   | 6795 ||| RETREATING.
  6802 | Lair:1   | Reached skill level 6 in Invocations
  6804 | Lair:1   | Received a gift from Okawaru
  6851 | Lair:1   | 6851 ||| INVOKING Heroism.
  6853 | Lair:1   | 6853 ||| RETREATING.
  6923 | Lair:1   | 6923 ||| INVOKING Heroism.
  6975 | Lair:1   | 6975 ||| INVOKING Heroism.
  6986 | Lair:1   | Reached skill level 14 in Ranged Weapons
  7122 | Lair:1   | 7122 ||| INVOKING Heroism.
  7268 | Lair:1   | Reached ***** piety under Okawaru
  7362 | Lair:1   | 7362 ||| READING scroll labelled YLLUDU ITIN.
  7363 | Lair:1   | 7363 ||| READING scroll labelled ROS TONAWUWORY.
  7364 | Lair:1   | 7364 ||| READING scroll labelled QUACWO ZEWEX.
  7473 | Lair:2   | 7473 ||| INVOKING Heroism.
  7478 | Lair:2   | Reached XP level 12. HP: 77/77 MP: 14/18
  7582 | Lair:2   | Noticed an eight-headed hydra
  7583 | Lair:2   | 7583 ||| INVOKING Heroism.
  7593 | Lair:2   | Killed an eight-headed hydra
  7593 | Lair:2   | Received a gift from Okawaru
  7621 | Lair:2   | 7621 ||| INVOKING Heroism.
  7815 | Lair:2   | Noticed Maggie
  7824 | Lair:2   | Killed Maggie
  7866 | Lair:2   | 7866 ||| INVOKING Heroism.
  7873 | Lair:2   | Reached skill level 9 in Invocations
  7883 | Lair:2   | Noticed Urug
  7884 | Lair:2   | 7884 ||| INVOKING Finesse.
  7885 | Lair:2   | 7885 ||| RETREATING.
  7897 | Lair:2   | 7897 ||| Stepping ~*~*~tactically~*~*~ (retreating).
  7907 | Lair:2   | Killed Urug
  8101 | Lair:2   | Found a staircase to the Shoals.
  8210 | Lair:2   | 8210 ||| INVOKING Heroism.
  8331 | Lair:2   | 8331 ||| RETREATING.
  8341 | Lair:2   | 8341 ||| RETREATING.
  8373 | Lair:2   | 8373 ||| INVOKING Heroism.
  8524 | Lair:2   | Found a blossoming altar of Fedhas.
  8527 | Lair:2   | 8527 ||| INVOKING Heroism.
  8577 | Lair:2   | 8577 ||| INVOKING Heroism.
  8697 | Lair:2   | 8697 ||| READING 8 scrolls of identify.
  8697 | Lair:2   | 8697 ||| IDENTIFYING puce potion
  8710 | Lair:3   | Noticed an eight-headed hydra
  8711 | Lair:3   | 8711 ||| INVOKING Heroism.
  8717 | Lair:3   | Killed an eight-headed hydra
  8718 | Lair:3   | Reached skill level 15 in Ranged Weapons
  8830 | Lair:3   | 8830 ||| RETREATING.
  8832 | Lair:3   | 8832 ||| Stepping ~*~*~tactically~*~*~ (retreating).
  8833 | Lair:3   | 8833 ||| Stepping ~*~*~tactically~*~*~ (retreating).
  8834 | Lair:3   | 8834 ||| Stepping ~*~*~tactically~*~*~ (retreating).
  8835 | Lair:3   | 8835 ||| Stepping ~*~*~tactically~*~*~ (retreating).
  8836 | Lair:3   | 8836 ||| Stepping ~*~*~tactically~*~*~ (retreating).
  8837 | Lair:3   | 8837 ||| Stepping ~*~*~tactically~*~*~ (retreating).
  8911 | Lair:3   | 8911 ||| READING scroll labelled LAESEOSIWE.
  8918 | Lair:3   | 8918 ||| INVOKING Heroism.
  8964 | Lair:3   | 8964 ||| FLEEEEING.
  8965 | Lair:3   | 8965 ||| FLEEEEING.
  9022 | Lair:3   | 9022 ||| INVOKING Heroism.
  9063 | Lair:3   | 9063 ||| INVOKING Heroism.
  9102 | Lair:3   | Noticed a death yak
  9106 | Lair:3   | Noticed a death yak
  9107 | Lair:3   | 9107 ||| RETREATING.
  9109 | Lair:3   | Noticed a death yak
  9111 | Lair:3   | Noticed a death yak
  9112 | Lair:3   | 9112 ||| RETREATING.
  9112 | Lair:3   | Noticed a death yak
  9113 | Lair:3   | 9113 ||| Stepping ~*~*~tactically~*~*~ (retreating).
  9114 | Lair:3   | Noticed a death yak
  9114 | Lair:3   | 9114 ||| INVOKING Heroism.
  9120 | Lair:3   | Killed a death yak
  9121 | Lair:3   | Reached skill level 16 in Ranged Weapons
  9121 | Lair:3   | Reached XP level 13. HP: 81/82 MP: 18/20
  9137 | Lair:3   | 9137 ||| INVOKING Finesse.
  9141 | Lair:3   | HP: 18/84 [death yak (10)]
  9141 | Lair:3   | HP: 7/84 [death yak (11)]
  9142 | Lair:3   | 9142 ||| READING 8 scrolls of teleportation.
  9143 | Lair:3   | 9143 ||| DRINKING potion of heal wounds.
  9167 | Lair:3   | 9167 ||| FLEEEEING.
  9168 | Lair:3   | 9168 ||| STAIRDANCE
  9317 | Lair:3   | 9317 ||| INVOKING Heroism.
  9341 | Lair:3   | 9341 ||| RETREATING.
  9350 | Lair:3   | 9350 ||| Stepping ~*~*~tactically~*~*~ (retreating).
  9356 | Lair:3   | Reached skill level 6 in Armour
  9411 | Lair:3   | 9411 ||| INVOKING Heroism.
  9414 | Lair:3   | 9414 ||| RETREATING.
  9470 | Lair:3   | 9470 ||| INVOKING Heroism.
  9473 | Lair:3   | 9473 ||| RETREATING.
  9516 | Lair:3   | 9516 ||| INVOKING Heroism.
  9912 | Lair:3   | Found a hole to the Spider Nest.
 10178 | Lair:3   | 10178 ||| READING 10 scrolls of identify.
 10178 | Lair:3   | 10178 ||| IDENTIFYING fizzy silvery potion
 10179 | Lair:3   | 10179 ||| DROPPING potion of brilliance.
 10218 | Lair:3   | 10218 ||| INVOKING Heroism.
 10235 | Lair:4   | 10235 ||| STAIRDANCE
 10321 | Lair:4   | Reached skill level 17 in Ranged Weapons
 10362 | Lair:4   | Found a viscous altar of Jiyva.
 10362 | Lair:4   | Found a staircase to the Slime Pits.
 10379 | Lair:4   | 10379 ||| RETREATING.
 10380 | Lair:4   | 10380 ||| INVOKING Heroism.
 10384 | Lair:4   | Received a gift from Okawaru
 10398 | Lair:4   | 10398 ||| INVOKING Heroism.
 10537 | Lair:4   | Found a runed translucent gate.
 10537 | Lair:4   | Found a runed translucent gate.
 10538 | Lair:4   | Found a runed translucent gate.
 10539 | Lair:4   | Noticed qw's ghost (journeyman GrHs)
 10618 | Lair:4   | 10618 ||| INVOKING Heroism.
 10663 | Lair:4   | Reached skill level 6 in Dodging
 10712 | Lair:4   | 10712 ||| INVOKING Heroism.
 10713 | Lair:4   | 10713 ||| RETREATING.
 10825 | Lair:4   | 10825 ||| INVOKING Heroism.
 11086 | Lair:4   | 11086 ||| INVOKING Heroism.
 11168 | Lair:4   | 11168 ||| INVOKING Heroism.
 11328 | Lair:5   | Entered Level 5 of the Lair of Beasts
 11329 | Lair:5   | 11329 ||| STAIRDANCE
 11415 | Lair:5   | 11415 ||| STAIRDANCE
 11417 | Lair:4   | 11417 ||| Stepping ~*~*~tactically~*~*~ (retreating).
 11418 | Lair:4   | 11418 ||| Stepping ~*~*~tactically~*~*~ (retreating).
 11419 | Lair:4   | 11419 ||| Stepping ~*~*~tactically~*~*~ (retreating).
 11420 | Lair:4   | 11420 ||| Stepping ~*~*~tactically~*~*~ (retreating).
 11421 | Lair:4   | 11421 ||| INVOKING Heroism.
 11599 | Lair:5   | 11599 ||| STAIRDANCE
 11601 | Lair:4   | 11601 ||| Stepping ~*~*~tactically~*~*~ (retreating).
 11602 | Lair:4   | 11602 ||| Stepping ~*~*~tactically~*~*~ (retreating).
 11603 | Lair:4   | 11603 ||| Stepping ~*~*~tactically~*~*~ (retreating).
 11604 | Lair:4   | 11604 ||| Stepping ~*~*~tactically~*~*~ (retreating).
 11692 | Lair:5   | 11692 ||| STAIRDANCE
 11860 | Lair:5   | 11860 ||| RETREATING.
 11865 | Lair:5   | 11865 ||| Stepping ~*~*~tactically~*~*~ (retreating).
 11882 | Lair:5   | Gained mutation: Your large and strong wings let you fly.
                  | [Gargoyle growth]
 11882 | Lair:5   | Reached XP level 14. HP: 70/90 MP: 21/21
 11882 | Lair:5   | 11882 ||| SWAPPING to +3 antimagic hand cannon.
 11886 | Lair:5   | 11886 ||| INVOKING Heroism.
 11969 | Lair:5   | 11969 ||| DROPPING +3 arbalest of electrocution.
 12030 | Lair:5   | 12030 ||| Stepping ~*~*~tactically~*~*~ (retreating).
 12031 | Lair:5   | 12031 ||| Stepping ~*~*~tactically~*~*~ (retreating).
 12032 | Lair:5   | 12032 ||| Stepping ~*~*~tactically~*~*~ (retreating).
 12033 | Lair:5   | 12033 ||| Stepping ~*~*~tactically~*~*~ (retreating).
 12034 | Lair:5   | 12034 ||| Stepping ~*~*~tactically~*~*~ (retreating).
 12035 | Lair:5   | 12035 ||| Stepping ~*~*~tactically~*~*~ (retreating).
 12036 | Lair:5   | 12036 ||| Stepping ~*~*~tactically~*~*~ (retreating).
 12039 | Lair:5   | 12039 ||| Stepping ~*~*~tactically~*~*~ (retreating).
 12040 | Lair:5   | 12040 ||| Stepping ~*~*~tactically~*~*~ (retreating).
 12041 | Lair:5   | 12041 ||| INVOKING Heroism.
 12043 | Lair:5   | 12043 ||| Stepping ~*~*~tactically~*~*~ (retreating).
 12044 | Lair:5   | 12044 ||| Stepping ~*~*~tactically~*~*~ (retreating).
 12045 | Lair:5   | 12045 ||| Stepping ~*~*~tactically~*~*~ (retreating).
 12062 | Lair:5   | Reached skill level 18 in Ranged Weapons
 12297 | Lair:5   | 12297 ||| INVOKING Heroism.
 12374 | Lair:5   | 12374 ||| INVOKING Heroism.
 12415 | Lair:5   | Noticed a dire elephant
 12417 | Lair:5   | 12417 ||| INVOKING Heroism.
 12424 | Lair:5   | 12424 ||| Stepping ~*~*~tactically~*~*~ (retreating).
 12430 | Lair:5   | 12430 ||| Stepping ~*~*~tactically~*~*~ (retreating).
 12431 | Lair:5   | 12431 ||| Stepping ~*~*~tactically~*~*~ (retreating).
 12435 | Lair:5   | Killed a dire elephant
 12640 | Lair:5   | Reached skill level 12 in Fighting
 12698 | Lair:5   | Found a burning altar of Makhleb.
 12699 | Lair:5   | 12699 ||| RETREATING.
 12703 | Lair:5   | 12703 ||| Stepping ~*~*~tactically~*~*~ (retreating).
 12704 | Lair:5   | 12704 ||| Stepping ~*~*~tactically~*~*~ (retreating).
 12710 | Lair:5   | 12710 ||| Stepping ~*~*~tactically~*~*~ (retreating).
 12711 | Lair:5   | 12711 ||| RETREATING.
 12714 | Lair:5   | 12714 ||| Stepping ~*~*~tactically~*~*~ (retreating).
 12715 | Lair:5   | 12715 ||| Stepping ~*~*~tactically~*~*~ (retreating).
 12719 | Lair:5   | 12719 ||| INVOKING Heroism.
 12721 | Lair:5   | 12721 ||| Stepping ~*~*~tactically~*~*~ (retreating).
 12722 | Lair:5   | 12722 ||| Stepping ~*~*~tactically~*~*~ (retreating).
 12723 | Lair:5   | 12723 ||| Stepping ~*~*~tactically~*~*~ (retreating).
 12726 | Lair:5   | 12726 ||| Stepping ~*~*~tactically~*~*~ (retreating).
 12740 | Lair:5   | HP: 18/92 [ice devil (16)]
 12741 | Lair:5   | 12741 ||| READING 7 scrolls of teleportation.
 12741 | Lair:5   | Mangled by an ice devil

Levels and vault maps discovered:
D:1:      dpeg_arrival_castle, layout_rooms, minmay_ruptured
D:2:      layout_loops_ring, hellmonk_ecumenical_altar_leap_of_faith,
          serial_shops, shop, kennysheep_generic_room_6
D:3:      layout_basic, serial_shops, shop
D:4:      layout_loops_ring, minmay_temple_entry_butterflies, serial_bayou,
          serial_bayou_lagoon_b, serial_bayou_shore_b, serial_bayou_lagoon_a,
          serial_bayou_shore_b, uniq_menkaure, uniq_blork_the_orc, uniq_edmund
D:5:      layout_basic, gammafunk_ghost_necromancy, guppyfry_early_orc_mine
D:6:      lemuel_slime, layout_rooms, biasface_ghost_orc_armoury,
          dreamdust_princess_bridge
D:7:      layout_basic
D:8:      layout_rooms, mainiacjoe_overflow_concentric_impassable,
          gammafunk_ghost_grave, st_stairs_4
D:9:      nicolae_cairo_tiling, layout_loops_cross, david_lair_generic,
          serial_glass, glass_columns_b, glass_columns_a
Temple:   regret_index_temple_sigil_plot
Lair:1:   layout_cave_shapes, infiniplex_staircase_pool, grunt_megastairs_4
Lair:2:   layout_long_grid, shoals_dummy_entry, hangedman_tree_tricks,
          uniq_urug, uniq_maggie
Lair:3:   layout_regular_city, hellmonk_spider_entry_not_the_bees,
          lemuel_fruit_tree, grunt_megastairs_2
Lair:4:   layout_roguey, dpeg_slime_entry_enclosed, gammafunk_ghost_hydra_chop,
          evilmike_ambush [evilmike_ambush_outer_basic,
          evilmike_ambush_inner_basic]
Lair:5:   evil_forest, layout_misc_corridors

Skill      XL: |  1  2  3  4  5  6  7  8  9 10 11 12 13 14 |
---------------+-------------------------------------------+-----
Ranged Weapons | 5 6 7 8 9 11 13 14 16 17 18 | 18.0
Fighting       | 3 4 5 6 8 9 10 11 12 | 12.0
Armour         | 1 2 3 5 6 7 |  7.1
Dodging        | 2 3 4 5 6 |  6.0
Invocations    | 4 8 10 | 10.0
Stealth        | |  1.1

Action                     |  1- 3 |  4- 6 |  7- 9 | 10-12 | 13-15 || total
---------------------------+-------+-------+-------+-------+-------++-------
   Fire: Shortbow          |    82 |    27 |       |       |       ||   109
         Arbalest          |       |    57 |   194 |   455 |   243 ||   949
         Orcbow            |       |    20 |       |       |       ||    20
         Hand cannon       |       |       |       |       |   130 ||   130
 Invoke: Heroism           |       |       |    12 |    25 |    19 ||    56
         Finesse           |       |       |       |     1 |     1 ||     2
    Use: Scroll            |     3 |     7 |     3 |    10 |     3 ||    26
         Potion            |       |     1 |     1 |       |     1 ||     3
 Armour: Leather armour    |    21 |    13 |    49 |    54 |       ||   137
         Ring mail         |       |    16 |    12 |       |       ||    28
         Steam dragon scal |       |       |       |    77 |   192 ||   269
  Dodge: Dodged            |    17 |    33 |    60 |   122 |   217 ||   449

Table legend:
 A = Non-vault XP
 B = Vault XP
 C = Vault XP percentage of total XP
 D = Non-vault monster count
 E = Vault monster count
 F = Vault count percentage of total count
                 A         B        C        D         E       F
            +---------+---------+-------+---------+---------+-------
      Total |   41872 |   21557 |  34.0 |     287 |      94 |  24.7
            +---------+---------+-------+---------+---------+-------
        D:1 |      23 |       6 |  20.7 |      13 |       3 |  18.8
        D:2 |      78 |      18 |  18.8 |      24 |       3 |  11.1
        D:3 |      19 |       0 |   0.0 |      11 |       0 |   0.0
        D:4 |      28 |     421 |  93.8 |       7 |       3 |  30.0
        D:5 |     687 |     218 |  24.1 |      15 |       7 |  31.8
        D:6 |     916 |     643 |  41.2 |      23 |      22 |  48.9
        D:7 |    2040 |       0 |   0.0 |      28 |       0 |   0.0
        D:8 |    1939 |     374 |  16.2 |      19 |       3 |  13.6
        D:9 |    5191 |     643 |  11.0 |      27 |       4 |  12.9
     Lair:1 |    4390 |     485 |   9.9 |      23 |       2 |   8.0
     Lair:2 |    6697 |    2359 |  26.0 |      29 |       4 |  12.1
     Lair:3 |    6854 |    8445 |  55.2 |      24 |      24 |  50.0
     Lair:4 |    9748 |     888 |   8.3 |      30 |       3 |   9.1
     Lair:5 |    3262 |    7057 |  68.4 |      14 |      16 |  53.3
            +---------+---------+-------+---------+---------+-------
